[Event "Team 45 45 League T80"]
[Site "Internet Chess Club"]
[Date "2019.04.06"]
[Round "2"]
[White "freakypawn"]
[Black "Zugzwanged"]
[Result "0-1"]
[WhiteElo "1761"]
[BlackElo "1760"]
[Opening "Bogo-Indian defense"]
[ECO "E11"]
[Time "10:09:06"]
[TimeControl "2700+45"]

1. d4 Nf6 2. Nf3 e6 3. c4 Bb4+ 4. Bd2 c5 5. g3 b6 6. Bg2 Bb7 7. O-O O-O 8. Bf4
cxd4 9. Nxd4 Bxg2 10. Kxg2 Qc8 11. Qb3 Be7 12. Nb5 Qc6+ 13. Kg1 Na6 14. Nd2 Nc5
15. Qc2 Rfc8 16. Nd4 Qb7 17. Nb5 Qc6 18. Nd4 Qb7 19. f3 d5 20. Qb1 Ncd7 21. Be3
dxc4 22. Rc1 b5 23. a4 a6 24. axb5 axb5 25. Rxa8 Rxa8 26. b3 c3 27. Rxc3 Nd5 28.
Rd3 Ne5 29. Bf2 Nxd3 30. Qxd3 b4 31. e4 Nc3 32. Kg2 Qa6 33. Qxa6 Rxa6 34. Be1
Ra2 35. Kf1 Bc5 36. Ne2 Nxe2 37. Kxe2 Bd4 38. Kd3 Bc3 39. f4 f6 40. Ke2 Kf7 41.
h3 e5 42. Kd3 exf4 43. gxf4 Kg6 44. Ke3 Kh5 45. Kd3 Ra1 46. Ke2 Ra2 47. Kd3 g5
48. fxg5 fxg5 49. e5 Kg6 50. e6 Kf6 51. Ne4+ Kxe6 52. Nxc3 bxc3 53. Bxc3 Kd5 54.
Bf6 h6 55. Ke3 Ra3 56. Kf3 Rxb3+ 57. Kg4 Rb4+ 58. Kg3 Ke6 59. Bg7 h5 60. Bh6 Kf5
61. Bg7 Rb3+ 62. Kg2 Kf4 63. Bf8 Rb2+ 64. Kg1 Kg3 65. Bd6+ Kxh3 {White resigns}
0-1

[Event "Team 45 45 League T80"]
[Site "Internet Chess Club"]
[Date "2019.04.07"]
[Round "2"]
[White "ivanson"]
[Black "Packerfan"]
[Result "0-1"]
[WhiteElo "1655"]
[BlackElo "1678"]
[Opening "Ruy Lopez: Schliemann defense, Berger variation"]
[ECO "C63"]
[Time "15:00:50"]
[TimeControl "2700+45"]

1. e4 e5 2. Nf3 Nc6 3. Bb5 f5 4. Nc3 fxe4 5. Nxe4 Nf6 6. Nxf6+ Qxf6 7. Qe2 Bd6
8. d4 O-O 9. Bxc6 bxc6 10. dxe5 Bxe5 11. Qxe5 Qxe5+ 12. Nxe5 Re8 13. Bf4 d6 14.
O-O-O dxe5 15. Rhe1 Bg4 16. f3 Bxf3 17. gxf3 exf4 18. Kd2 Rad8+ 19. Kc3 Rxd1 20.
Rxd1 Re3+ 21. Rd3 Re2 22. Rd8+ Kf7 23. Rd7+ Kf6 24. Rxc7 Rxh2 25. Rxc6+ Ke5 26.
Rc5+ Kf6 27. Kd3 g5 28. Rc6+ Kf5 29. Rc5+ Kg6 30. Rc6+ Kh5 31. Rc7 h6 32. c4
Rxb2 33. c5 Rxa2 34. c6 Ra1 35. Kd4 Rc1 36. Kd5 Kh4 37. Rxa7 Kg3 38. c7 Kxf3 39.
Kd6 Kg3 40. Kd7 f3 41. Ra6 Rxc7+ 42. Kxc7 f2 43. Rf6 Kg2 44. Kd6 f1=Q 45. Rxf1
Kxf1 46. Ke5 g4 {White resigns} 0-1

[Event "Team 45 45 League T80"]
[Site "Internet Chess Club"]
[Date "2019.04.04"]
[Round "2"]
[White "Pawnchain"]
[Black "MacroPawn"]
[Result "0-1"]
[WhiteElo "1446"]
[BlackElo "1690"]
[Opening "Sicilian: closed"]
[ECO "B23"]
[Time "10:12:51"]
[TimeControl "2700+45"]

1. e4 c5 2. Nc3 g6 3. f4 d6 4. Nf3 Bg7 5. Bb5+ Nc6 6. Bxc6+ bxc6 7. O-O e6 8. d3
Ne7 9. Qe1 O-O 10. Bd2 Qb6 11. Rb1 c4+ 12. Be3 Qa5 13. d4 Rb8 14. Bd2 Qb6 15.
Na4 Qa6 16. b3 cxb3 17. axb3 Re8 18. Bb4 d5 19. e5 Nf5 20. Bc3 Bf8 21. g4 Nh6
22. Qh4 Qe2 23. Rf2 Qb5 24. Rff1 Ba6 25. Rfe1 Kg7 26. Qf6+ Kg8 27. Qh4 Rec8 28.
Nc5 Rc7 29. Ra1 Bc8 30. Ra5 Qb6 31. Raa1 Kg7 32. Qf6+ Kg8 33. Qh4 Qb5 34. Ra5
Qb6 35. Raa1 Bxc5 36. dxc5 Qxc5+ 37. Bd4 Qf8 38. Rxa7 Rxa7 39. Bxa7 Ra8 40. Be3
f5 41. g5 Ng4 42. Bb6 Qb4 43. Bf2 Qxf4 44. Qg3 Qb4 45. Nd4 c5 46. Ne2 Ra2 47. h3
Nxf2 48. Qxf2 Rxc2 49. Kf1 Ba6 50. Qe3 Qe4 51. Qxe4 fxe4 52. Kf2 Rxe2+ 53. Rxe2
Bxe2 54. Kxe2 d4 {White resigns} 0-1

[Event "Team 45 45 League T80"]
[Site "Internet Chess Club"]
[Date "2019.04.06"]
[Round "2"]
[White "primerpaso"]
[Black "warsaviensis"]
[Result "0-1"]
[WhiteElo "1842"]
[BlackElo "1867"]
[Opening "English: Bremen system, Keres variation"]
[ECO "A23"]
[Time "16:37:23"]
[TimeControl "2700+45"]

1. c4 e5 2. Nc3 Nf6 3. g3 c6 4. Bg2 d5 5. cxd5 cxd5 6. d4 exd4 7. Qxd4 Nc6 8.
Qd1 d4 9. Nb1 Bb4+ 10. Bd2 O-O 11. Nf3 Re8 12. O-O Bf8 13. a3 Bg4 14. h3 Bh5 15.
e3 Qb6 16. b4 a5 17. g4 axb4 18. gxh5 dxe3 19. Bxe3 Rxe3 20. fxe3 Qxe3+ 21. Kh1
Ne4 22. Qe1 Qf4 23. Nbd2 Ng3+ 24. Kg1 Bc5+ 25. Rf2 bxa3 26. Rc1 Be3 27. Rc4
Bxf2+ 28. Kxf2 Qd6 29. Ne4 Nxe4+ 30. Rxe4 a2 31. Qa1 Qf6 32. Re1 Nb4 33. Kg3 Nc2
34. Qxa2 Qd6+ 35. Kf2 Rxa2 36. Re8+ Qf8 37. Rxf8+ Kxf8 38. Ne5 Nd4+ 39. Kf1 b5
{White resigns} 0-1

[Event "Team 45 45 League T80"]
[Site "Internet Chess Club"]
[Date "2019.04.08"]
[Round "2"]
[White "bobhill"]
[Black "kabindra"]
[Result "0-1"]
[WhiteElo "1820"]
[BlackElo "1780"]
[Opening "Queen's bishop game"]
[ECO "D02"]
[Time "19:01:06"]
[TimeControl "2700+45"]

1. d4 Nf6 2. Nf3 d5 3. Bf4 c5 4. e3 Nc6 5. c3 Qb6 6. Qb3 c4 7. Qxb6 axb6 8. Nbd2
Bf5 9. Be2 b5 10. O-O b4 11. Rfc1 e6 12. Nh4 Bd3 13. Bxd3 cxd3 14. Nhf3 Ne4 15.
Nxe4 dxe4 16. Ng5 bxc3 17. bxc3 Ba3 18. Rd1 Bb2 19. Rab1 Rxa2 20. Nxe4 O-O 21.
Rxd3 f5 22. Nc5 Rfa8 23. h4 b6 24. Nxe6 Na5 25. Nc7 Ra7 26. Nd5 Nc4 27. Bc7 b5
28. Bb6 R7a3 29. Ne7+ Kf7 30. Nxf5 Nxb6 31. Nd6+ Ke6 32. Nxb5 Rb3 33. d5+ Kd7
34. Nd4 Rba3 35. e4 Nc4 36. Nc6 Rxc3 37. Rxc3 Bxc3 38. Rb7+ Kd6 39. Rxg7 Bxg7
40. f4 Re2 41. e5+ Kxd5 42. Nd8 Ke4 43. Kf1 Rd2 44. g3 Kf3 45. Ke1 Rxd8 46. h5
Kxg3 47. e6 Kxf4 48. e7 Re8 {White resigns} 0-1

[Event "Team 45 45 League T80"]
[Site "Internet Chess Club"]
[Date "2019.04.07"]
[Round "2"]
[White "Achelous11"]
[Black "Beetlejuice"]
[Result "0-1"]
[WhiteElo "1616"]
[BlackElo "1697"]
[Opening "Sicilian: wing gambit, Marshall variation"]
[ECO "B20"]
[Time "09:47:45"]
[TimeControl "2700+45"]

1. e4 c5 2. b4 cxb4 3. a3 d5 4. e5 Nc6 5. d4 Qb6 6. Be3 Bf5 7. Bd3 Bxd3 8. Qxd3
Rc8 9. Ne2 e6 10. O-O Nge7 11. Rc1 Nf5 12. axb4 Nxe3 13. fxe3 Bxb4 14. c4 dxc4
15. Rxc4 O-O 16. Nbc3 Rfd8 17. Rb1 a5 18. Qc2 Qa6 19. Nd1 b5 {White resigns} 0-1

[Event "Team 45 45 League T80"]
[Site "Internet Chess Club"]
[Date "2019.04.04"]
[Round "2"]
[White "BrianWood"]
[Black "julesraider"]
[Result "1/2-1/2"]
[WhiteElo "1600"]
[BlackElo "1613"]
[Opening "King's Indian: orthodox, Aronin-Taimanov variation (Yugoslav attack / Mar del Plata variation)"]
[ECO "E97"]
[Time "22:00:26"]
[TimeControl "2700+45"]

1. d4 Nf6 2. Nf3 g6 3. c4 Bg7 4. Nc3 O-O 5. e4 d6 6. Be2 e5 7. O-O Nc6 8. d5 Ne7
9. h3 Nh5 10. Ne1 Nf4 11. Nd3 {Game drawn by mutual agreement} 1/2-1/2

[Event "Team 45 45 League T80"]
[Site "Internet Chess Club"]
[Date "2019.04.04"]
[Round "2"]
[White "Ajolote"]
[Black "santiagoelawad"]
[Result "1/2-1/2"]
[WhiteElo "1911"]
[BlackElo "1956"]
[Opening "Caro-Kann: Steinitz variation"]
[ECO "B17"]
[Time "23:00:46"]
[TimeControl "2700+45"]

1. e4 c6 2. d4 d5 3. Nc3 dxe4 4. Nxe4 Nd7 5. Ng5 Ndf6 6. Bd3 h6 7. N5f3 e6 8.
Ne2 Bd6 9. O-O Qc7 10. Nc3 Ne7 11. Qe2 b6 12. Ne4 Nxe4 13. Qxe4 Bb7 14. Qg4 Kf8
15. c4 c5 16. Re1 Rd8 17. h3 h5 18. Qg5 Bxf3 19. gxf3 Bh2+ 20. Kh1 Rxd4 21. Be4
Be5 22. Rg1 Bf6 23. Qg2 Nf5 24. Bg5 Qe7 25. Rae1 Bxg5 26. Bxf5 Bf6 27. b3 Qd6
28. Be4 g5 29. Qg3 Ke7 30. Re2 Rg8 31. f4 g4 32. f5 Qxg3 33. fxg3 gxh3 34. Kh2
h4 35. g4 Be5+ 36. Kxh3 exf5 37. Bxf5 Kf6 38. Be4 Kg5 39. Bh7 Re8 40. Rf1 Rf4
41. Rxf4 Kxf4 42. Rf2+ Kg5 43. Rf5+ Kh6 44. Rh5+ Kg7 45. Kxh4 Bf4 46. g5 Re2 47.
Kg4 Be5 48. a4 Bd4 49. Bf5 Re3 50. Rh3 Re1 51. Rf3 Be5 52. Bd3 Bd4 53. Bf5 {Game
drawn by mutual agreement} 1/2-1/2

[Event "Team 45 45 League T80"]
[Site "Internet Chess Club"]
[Date "2019.04.07"]
[Round "2"]
[White "Portola"]
[Black "joaoazm"]
[Result "1/2-1/2"]
[WhiteElo "1799"]
[BlackElo "1696"]
[Opening "Queen's pawn game, Darooha variation "]
[ECO "D02"]
[Time "18:30:35"]
[TimeControl "2700+45"]

1. d4 d5 2. Nf3 Nf6 3. c3 Bf5 4. Bg5 e6 5. Nbd2 Bd6 6. e3 Nbd7 7. Be2 O-O 8. O-O
c5 9. Re1 Qb6 10. Qb3 Qc7 11. Bxf6 Nxf6 12. a4 c4 13. Qd1 Ne4 14. Rf1 Nxd2 15.
Qxd2 Be4 16. g3 Be7 17. Ne1 Rfe8 18. Bd1 Qb6 19. Qc1 Bd3 20. Nxd3 cxd3 21. Qd2
Qa6 22. Bf3 Rac8 23. Rfd1 Qb6 24. Bg2 Qb3 25. Bf1 Bd6 26. Bxd3 Rc7 27. Qc2 Qxc2
28. Bxc2 f5 29. Bd3 Kf7 30. f3 g6 31. e4 Rec8 32. exd5 exd5 33. f4 Re7 34. Re1
Rce8 35. Rxe7+ Rxe7 36. Kf2 Ke6 37. Bc2 Kd7 38. Bb3 Kc6 39. Re1 Rxe1 40. Kxe1 h6
41. Ke2 h5 42. c4 dxc4 43. Bxc4 h4 44. Kf3 hxg3 45. hxg3 Kb6 46. Bf7 Ka5 47.
Bxg6 Kxa4 48. Bf7 Kb4 49. g4 fxg4+ 50. Kxg4 b6 51. f5 Be7 52. Kf4 Bf6 53. Ke4
Ka4 54. Kd5 Kb3 55. Ke4+ Kxb2 56. d5 a5 57. d6 a4 58. Kd5 a3 59. Kc6 b5 60. Kxb5
a2 61. Bxa2 Kxa2 62. Kc6 Ka3 63. Kc7 Kb4 64. d7 Kc5 65. d8=Q Bxd8+ 66. Kxd8 Kd6
67. f6 Ke6 68. f7 Kxf7 {Game drawn because neither player has mating material}
1/2-1/2

[Event "Team 45 45 League T80"]
[Site "Internet Chess Club"]
[Date "2019.04.05"]
[Round "2"]
[White "fireball"]
[Black "QuieroAprender"]
[Result "1-0"]
[WhiteElo "1663"]
[BlackElo "1630"]
[Opening "Giuoco Piano: four knights variation"]
[ECO "C25"]
[Time "20:10:24"]
[TimeControl "2700+45"]

1. e4 e5 2. Nc3 Bc5 3. Nf3 Nc6 4. Bc4 Nf6 5. O-O O-O 6. d3 h6 7. Nd5 d6 8. h3
Na5 9. b4 Nxc4 10. bxc5 Nxd5 11. exd5 Na5 12. Bd2 b6 13. Bxa5 bxa5 14. c6 Ba6
15. Qd2 e4 16. Ne1 Qf6 17. Rb1 Rab8 18. Rxb8 Rxb8 19. c4 Rb2 20. Qxa5 Bc8 21.
Qxc7 Bxh3 22. gxh3 exd3 23. Ng2 d2 24. Qc8+ Kh7 25. Qg4 Qe7 26. Ne3 g6 27. Rd1
Rxa2 28. Qd4 Qg5+ 29. Ng4 h5 30. Qf6 Qxf6 31. Nxf6+ Kg7 32. Ne4 Rc2 33. Nxd2
{Black resigns} 1-0

[Event "Team 45 45 League T80"]
[Site "Internet Chess Club"]
[Date "2019.04.05"]
[Round "2"]
[White "MartyJR"]
[Black "Insan996"]
[Result "1/2-1/2"]
[WhiteElo "1358"]
[BlackElo "1606"]
[Opening "Queen's pawn: London system"]
[ECO "A45"]
[Time "21:39:16"]
[TimeControl "2700+45"]

1. d4 Nf6 2. Bf4 e6 3. e3 Bd6 4. Bg5 Be7 5. Bf4 b6 6. Nf3 Bb7 7. Bd3 O-O 8. h3
c5 9. c3 Be4 10. Bxe4 Nxe4 11. Nbd2 Nxd2 12. Qxd2 d5 13. O-O Nd7 14. Ne5 Nxe5
15. Bxe5 Rc8 16. Qe2 Bf6 17. Bg3 g6 18. Rfd1 Qe7 19. a4 cxd4 20. exd4 Rc4 21.
Re1 Rfc8 22. Be5 Bxe5 23. Qxe5 Qd7 24. h4 h5 25. a5 b5 26. Re3 Qe7 27. Qxd5 b4
28. Qe4 bxc3 29. bxc3 Rxc3 30. Rxc3 Rxc3 31. d5 Qd6 32. dxe6 Qxe6 33. Qa8+ Qc8
{Game drawn by mutual agreement} 1/2-1/2

[Event "Team 45 45 League T80"]
[Site "Internet Chess Club"]
[Date "2019.04.09"]
[Round "2"]
[White "Beddathanme"]
[Black "LittleButton"]
[Result "0-1"]
[WhiteElo "1743"]
[BlackElo "1847"]
[Opening "Sicilian: dragon, Yugoslav attack, Rauser variation"]
[ECO "B76"]
[Time "17:00:30"]
[TimeControl "2700+45"]

1. e4 c5 2. Nf3 d6 3. d4 cxd4 4. Nxd4 Nf6 5. Nc3 g6 6. Be3 Bg7 7. f3 O-O 8. Qd2
Nc6 9. O-O-O d5 10. exd5 Nxd5 11. Nxc6 bxc6 12. Nxd5 cxd5 13. Qxd5 Qc7 14. Qc5
Qb7 15. Qa3 Bf5 16. Bd3 Rab8 17. b3 Qc6 18. Bxf5 gxf5 19. Bd4 Rfc8 20. c4 e5 21.
Bb2 Rb6 22. Qe7 Qh6+ 23. Kb1 e4 24. Rd8+ Rxd8 25. Qxd8+ Bf8 26. Ba3 Ra6 27. Bxf8
Qxf8 28. Qxf8+ Kxf8 29. fxe4 fxe4 30. g4 Rg6 31. h3 h5 32. Rg1 f5 33. Rf1 hxg4
34. Rxf5+ Ke7 35. Re5+ Kd6 36. Rxe4 g3 37. Re1 g2 38. Rg1 Ke5 39. h4 Kf4 40. h5
Rg8 41. h6 Kg3 42. c5 Kf2 43. h7 Rh8 {White resigns} 0-1

[Event "Team 45 45 League T80"]
[Site "Internet Chess Club"]
[Date "2019.04.07"]
[Round "2"]
[White "warsaviensis"]
[Black "nealbruce"]
[Result "1-0"]
[WhiteElo "1878"]
[BlackElo "1737"]
[Opening "Queen's pawn game, Rubinstein (Colle-Zukertort) variation"]
[ECO "D02"]
[Time "13:30:53"]
[TimeControl "2700+45"]

1. d4 d5 2. Nf3 e6 3. e3 c5 4. b3 Nf6 5. Bd3 cxd4 6. exd4 Be7 7. Bb2 O-O 8. Nbd2
b6 9. O-O Ba6 10. c4 Bb7 11. a3 Nc6 12. Rc1 Rc8 13. h3 h6 14. Re1 Re8 15. Bb1
Nh5 16. cxd5 exd5 17. Ne5 Nf6 18. Bd3 Bf8 19. Bb5 Qd6 20. b4 a6 21. Ba4 b5 22.
Bb3 Ne7 23. Qf3 Rxc1 24. Rxc1 Rc8 25. Rxc8 Nxc8 26. Ne4 Nxe4 27. Qxf7+ Kh7 28.
Qxb7 Ne7 29. f3 Nd2 30. Bc2+ Kg8 31. Bc1 Nc4 32. f4 Nxe5 33. fxe5 Qc6 34. Qxc6
Nxc6 35. Bb3 Ne7 36. g4 Kf7 37. Kf2 Ke6 38. Bc2 g5 39. Bd2 Bg7 40. Kg3 Nc6 41.
Bc3 Bf8 42. Bf5+ Kf7 43. Bc8 Nb8 44. Kf3 Be7 45. Be1 Bd8 46. Bg3 Ke7 47. e6 Nc6
48. Ke3 Bb6 49. Bxa6 Nxd4 50. Kd3 Kxe6 51. Bc8+ Ke7 52. Bf2 Nc2 53. Bxb6 Nxa3
54. Bc5+ Kf7 55. Kd4 Nc2+ 56. Kxd5 Ne1 57. Kc6 Nd3 58. Kxb5 Nf2 59. Bxf2 {Black
resigns} 1-0

[Event "Team 45 45 League T80"]
[Site "Internet Chess Club"]
[Date "2019.04.07"]
[Round "2"]
[White "jjmolina"]
[Black "fishhead"]
[Result "1/2-1/2"]
[WhiteElo "1661"]
[BlackElo "1669"]
[Opening "Alekhine's defense: Scandinavian variation"]
[ECO "B02"]
[Time "12:05:54"]
[TimeControl "2700+45"]

1. e4 Nf6 2. Nc3 d5 3. exd5 Nxd5 4. Bc4 c6 5. Qf3 e6 6. Nge2 Be7 7. O-O b5 8.
Bb3 Bb7 9. Nxd5 cxd5 10. d4 Nc6 11. c3 b4 12. Bd2 O-O 13. Rfe1 Bf6 14. Rad1 bxc3
15. bxc3 Na5 16. Nc1 Rc8 17. Nd3 Nc4 18. Bxc4 Rxc4 19. Rb1 Ba6 20. Nc5 Bc8 21.
Rb3 Bg5 22. Bxg5 Qxg5 23. Re3 Rd8 24. h3 h6 25. Qg3 Qxg3 26. Rxg3 e5 27. Rd3 Bf5
28. Rd2 Re8 29. Nb7 Re6 30. Nc5 Rb6 31. Ra3 Rb1+ 32. Kh2 Rc1 33. Nb3 R1xc3 34.
dxe5 Rc2 35. Rxc2 Rxc2 36. Nd4 Rxf2 37. Kg3 Rf1 38. Rxa7 Be4 39. a4 Ra1 40. a5
Ra4 41. Nf3 d4 {Game drawn by mutual agreement} 1/2-1/2

[Event "Team 45 45 League T80"]
[Site "Internet Chess Club"]
[Date "2019.04.07"]
[Round "2"]
[White "room-matt"]
[Black "LinceHispano44"]
[Result "0-1"]
[WhiteElo "1751"]
[BlackElo "1732"]
[Opening "French: Winawer, advance variation"]
[ECO "C16"]
[Time "12:35:09"]
[TimeControl "2700+45"]

1. e4 e6 2. d4 d5 3. Nc3 Bb4 4. e5 b6 5. Bd2 Ba6 6. Bxa6 Nxa6 7. Qe2 Bxc3 8.
Bxc3 Nb8 9. Qg4 g6 10. O-O-O Ne7 11. Nf3 Nd7 12. h4 h5 13. Qf4 Nf5 14. a3 c5 15.
Rd2 a5 16. b3 Qe7 17. dxc5 Nxc5 18. Ng5 Rc8 19. Bb2 Nxb3+ 20. Kd1 Nxd2 21. Qxd2
Rc4 22. g3 Qc5 23. Nf3 O-O 24. Ne1 Rc8 25. Rg1 Qb5 26. Kc1 Qa4 27. f4 Nd4 28.
Bxd4 Rxd4 29. Qe3 Rdc4 {White resigns} 0-1

[Event "Team 45 45 League T80"]
[Site "Internet Chess Club"]
[Date "2019.04.04"]
[Round "2"]
[White "VictorRed"]
[Black "bgolev"]
[Result "0-1"]
[WhiteElo "1691"]
[BlackElo "1846"]
[Opening "Catalan: closed"]
[ECO "E01"]
[Time "21:31:39"]
[TimeControl "2700+45"]

1. c4 Nf6 2. d4 e6 3. g3 d5 4. Bg2 c6 5. cxd5 exd5 6. Nf3 Bd6 7. O-O O-O 8. Bg5
h6 9. Be3 Bf5 10. Nh4 Be6 11. Nc3 Nbd7 12. f4 Ng4 13. Bd2 f5 14. Ng6 Re8 15. Ne5
Ngf6 16. e3 c5 17. Rc1 cxd4 18. exd4 Qb6 19. Nf3 Rac8 20. b3 Ne4 21. Na4 Qa6 22.
Re1 b5 23. Bf1 Qb7 24. Nc3 a6 25. Re3 Ndf6 26. Ne5 Nxc3 27. Rexc3 Ne4 28. Rxc8
Rxc8 29. Rxc8+ Qxc8 30. Qc1 Nxd2 31. Qxd2 Qc7 32. Bd3 Ba3 33. Kf2 Bc1 34. Qc2
Qxc2+ 35. Bxc2 g5 36. Nd3 Ba3 37. Nc5 Bc8 38. Bd1 Bb2 39. Ke3 Bc1+ 40. Kf3 Kf7
41. Nd3 Bd2 42. Ke2 Bc3 43. Ne5+ Ke6 44. Kd3 Bb2 45. Bh5 gxf4 46. gxf4 Bc1 47.
Ng6 a5 48. Kc2 Be3 49. Kd3 Bg1 50. h3 b4 51. Nh4 a4 52. Nf3 axb3 53. axb3 Ba6+
54. Kd2 Bf2 55. h4 Bf1 56. Nh2 Bb5 57. Nf3 Kf6 58. Kd1 Be3 59. Ke1 Bxf4 60. Kf2
Bd6 61. Ne1 Bd7 62. Bf3 Be6 63. Nd3 f4 64. Ne1 Kf5 65. Nd3 Bf7 66. Ne1 Ke6 67.
Bg4+ Kf6 68. Kf3 Bg6 69. Kf2 Be4 70. Bh3 Bc7 71. Ng2 Bc2 72. Kf3 Bxb3 73. Nxf4
Bxf4 74. Kxf4 Bc2 75. Ke3 b3 76. Kd2 Bf5 77. Bxf5 Kxf5 78. Kc3 Ke4 {White
resigns} 0-1

[Event "Team 45 45 League T80"]
[Site "Internet Chess Club"]
[Date "2019.04.05"]
[Round "2"]
[White "Goli"]
[Black "ARMAND02019"]
[Result "1-0"]
[WhiteElo "1710"]
[BlackElo "1641"]
[Opening "Sicilian: Alapin's variation (2.c3)"]
[ECO "B22"]
[Time "10:07:01"]
[TimeControl "2700+45"]

1. e4 c5 2. c3 e6 3. d4 cxd4 4. cxd4 Nf6 5. Bd3 d5 6. Bg5 Be7 7. e5 Nfd7 8. Bxe7
Qxe7 9. Nf3 f5 10. exf6 Nxf6 11. O-O O-O 12. Nc3 Nc6 13. a3 a6 14. Rc1 Bd7 15.
Re1 Qf7 16. Na4 h6 17. Nb6 Rad8 18. Bb1 g5 19. Qd2 Nh5 20. Nxd7 Rxd7 21. Ne5
Nxe5 22. Rxe5 Nf4 23. Qe3 Rd6 24. Qg3 Qg7 25. Rce1 Rc8 26. Qe3 Re8 27. g3 Ng6
28. Bxg6 Qxg6 29. Qc3 Rc6 30. Qb4 Qf7 31. Qd2 Rec8 32. Qe3 b5 33. Rxe6 Rxe6 34.
Qxe6 Qxe6 35. Rxe6 Rc1+ 36. Kg2 Rc2 37. Rxh6 Rxb2 38. Rxa6 Kg7 39. Rd6 {Black
resigns} 1-0

[Event "Team 45 45 League T80"]
[Site "Internet Chess Club"]
[Date "2019.04.06"]
[Round "2"]
[White "MartyJR"]
[Black "tightfist"]
[Result "0-1"]
[WhiteElo "1349"]
[BlackElo "1528"]
[Opening "Queen's pawn: London system"]
[ECO "A45"]
[Time "13:00:19"]
[TimeControl "2700+45"]

1. d4 Nf6 2. Bf4 d5 3. e3 e6 4. Nf3 Nc6 5. Bd3 Bd6 6. Bxd6 cxd6 7. c3 a6 8. Nbd2
e5 9. dxe5 dxe5 10. Be2 O-O 11. O-O Qb6 12. Qb3 Qc5 13. Qd1 Bg4 14. Nb3 Qe7 15.
h3 Bxf3 16. Bxf3 Rad8 17. Qc2 Rfe8 18. Rad1 e4 19. Be2 h5 20. Nd4 Nxd4 21. cxd4
Rc8 22. Qb3 Rc6 23. Rc1 Rec8 24. Rxc6 Rxc6 25. Qd1 g6 26. Re1 Qc7 27. f3 Rc2 28.
Qb1 b5 29. fxe4 dxe4 30. Bf1 Nd5 31. a3 Qc6 32. Qa2 Nc3 33. Qb3 Na4 34. Qb4 Rxb2
35. Qe7 Rc2 36. Qd8+ Kg7 37. d5 Qc8 38. Qd6 Nc3 39. Qe5+ Kg8 40. d6 Rd2 41. Kh1
Rd5 42. Qe7 Qe6 43. Qd8+ Kg7 44. Qc7 Na4 45. Rc1 Qxd6 46. Qc8 Rd1 47. Rxd1 Qxd1
48. Kg1 Qd6 49. Qc1 Qc5 50. Qa1+ Qc3 51. Qa2 Qxe3+ 52. Kh1 Qd4 53. Qc2 e3 54.
Qe2 Nc3 55. Qf3 Qe4 56. Qg3 Nd1 57. Be2 Nf2+ 58. Kh2 Kh6 59. Bf3 Qe7 60. Qf4+ g5
61. Qd4 f6 62. Be2 Qe5+ 63. Qxe5 fxe5 64. Kg3 e4 65. h4 Nh1+ 66. Kh3 g4+ 67. Kh2
Nf2 68. Kg3 Nd3 69. Bf1 Kg6 70. Be2 Kf5 71. Bf1 Ke5 72. Be2 Kd4 73. Bd1 Kc3 74.
Be2 Kd2 75. Bf1 e2 76. Bxe2 Kxe2 77. a4 bxa4 78. Kh2 Kf2 79. g3 e3 80. Kh1 e2
81. Kh2 a3 82. Kh1 a2 83. Kh2 Ke3 84. Kg2 e1=Q 85. Kh2 a1=Q {White resigns} 0-1

[Event "Team 45 45 League T80"]
[Site "Internet Chess Club"]
[Date "2019.04.07"]
[Round "2"]
[White "Kingofknights"]
[Black "Andaluz"]
[Result "1-0"]
[WhiteElo "1445"]
[BlackElo "1231"]
[Opening "QGD: Marshall defense"]
[ECO "D06"]
[Time "12:07:31"]
[TimeControl "2700+45"]

1. d4 d5 2. c4 Nf6 3. cxd5 Qxd5 4. Nc3 Qd8 5. e4 e6 6. e5 Nd5 7. Bd3 Bb4 8. Bd2
c6 9. Qg4 g6 10. Nge2 Qa5 11. O-O O-O 12. a3 Be7 13. Ne4 Qd8 14. Qg3 Nd7 15. Bh6
Re8 16. Bg5 Bxg5 17. Nxg5 Kg7 18. Ne4 a6 19. Nd6 Rf8 20. Nc3 N7b6 21. Nce4 Nd7
22. Rac1 N7f6 23. exf6+ Nxf6 24. Nxf6 Kxf6 25. Qe5+ Ke7 {0:-1:-44} 26. Ne4 f6
{0:-1:-23} 27. Qc5+ Kf7 {0:-1:-16} 28. Rfd1 {Black forfeits on time} 1-0

[Event "Team 45 45 League T80"]
[Site "Internet Chess Club"]
[Date "2019.04.06"]
[Round "2"]
[White "Toalla"]
[Black "grekor"]
[Result "1-0"]
[WhiteElo "1261"]
[BlackElo "1124"]
[Opening "Queen's gambit declined"]
[ECO "D30"]
[Time "17:30:20"]
[TimeControl "2700+45"]

1. d4 d5 2. c4 e6 3. Nf3 Be7 4. Nc3 Nf6 5. g3 Nc6 6. Bg2 O-O 7. e3 Re8 8. O-O
Bd6 9. c5 Bf8 10. a3 e5 11. dxe5 Nxe5 12. Nxe5 Rxe5 13. f4 Re8 14. Nxd5 Bg4 15.
Nxf6+ Qxf6 16. Qxg4 Rad8 17. Rb1 Bxc5 18. Qe2 Qe6 19. Bxb7 Bxe3+ 20. Kh1 c6 21.
Qf3 Rd3 22. Bxe3 Rxe3 23. Qxc6 Qh3 24. Qg2 Qh5 25. Bc6 Re2 26. Bf3 Rxg2 27. Bxh5
Ree2 28. Bxe2 Rxe2 29. Rfe1 Rxe1+ 30. Rxe1 h6 31. Re8+ {Black resigns} 1-0

[Event "Team 45 45 League T80"]
[Site "Internet Chess Club"]
[Date "2019.04.04"]
[Round "2"]
[White "idjit"]
[Black "QuieroAprender"]
[Result "1-0"]
[WhiteElo "1648"]
[BlackElo "1646"]
[Opening "Giuoco Piano"]
[ECO "C54"]
[Time "21:00:55"]
[TimeControl "2700+45"]

1. e4 e5 2. Nf3 Nc6 3. Bc4 Bc5 4. c3 Nf6 5. d3 O-O 6. Bb3 d6 7. Nbd2 Na5 8. Nf1
Nxb3 9. axb3 Ng4 10. Ne3 f5 11. exf5 Bxf5 12. O-O Nxe3 13. Bxe3 Bxe3 14. fxe3
Bg4 15. Qe1 Bxf3 16. Rxf3 Rxf3 17. gxf3 Qg5+ 18. Kf2 Qh4+ 19. Kg2 Qh5 20. Qg3 a6
21. Qg4 Qf7 22. Rg1 Qxb3 23. Kh1 Qf7 24. h4 Rf8 25. Rg3 Qg6 26. Qxg6 hxg6 27.
Kg2 Rf6 28. Rg4 Kf7 29. Kg3 Ke6 30. f4 exf4+ 31. Rxf4 Rf5 32. Kg4 Kf6 33. e4
Rxf4+ 34. Kxf4 b5 35. d4 c5 36. dxc5 dxc5 37. b4 cxb4 38. cxb4 g5+ 39. hxg5+ Ke6
40. e5 g6 41. Ke4 Kd7 42. Kd5 Ke7 43. e6 Ke8 44. Kd6 Kd8 45. e7+ Ke8 46. Ke6
{Black resigns} 1-0

[Event "Team 45 45 League T80"]
[Site "Internet Chess Club"]
[Date "2019.04.06"]
[Round "2"]
[White "justice02"]
[Black "evan7284"]
[Result "1-0"]
[WhiteElo "1616"]
[BlackElo "1549"]
[Opening "Petrov: Nimzovich attack"]
[ECO "C42"]
[Time "09:01:54"]
[TimeControl "2700+45"]

1. e4 e5 2. Nf3 Nf6 3. Nxe5 d6 4. Nf3 Nxe4 5. Nc3 Nxc3 6. dxc3 Be7 7. Bd3 O-O 8.
O-O Bg4 9. Re1 Re8 10. Qe2 Nc6 11. Qe4 f5 12. Qd5+ Kh8 13. Bxf5 Bxf3 14. Qxf3
Rf8 15. Qh3 Bh4 16. Re4 Bxf2+ 17. Kh1 {Black resigns} 1-0

[Event "Team 45 45 League T80"]
[Site "Internet Chess Club"]
[Date "2019.04.08"]
[Round "2"]
[White "Kingfisher75"]
[Black "mongmong"]
[Result "0-1"]
[WhiteElo "1524"]
[BlackElo "1512"]
[Opening "French: Tarrasch"]
[ECO "C03"]
[Time "20:00:39"]
[TimeControl "2700+45"]

1. e4 e6 2. d4 d5 3. Nd2 h6 4. Ngf3 Nf6 5. e5 Nfd7 6. c4 dxc4 7. Nxc4 Nb6 8. a3
Nc6 9. Be3 Bd7 10. Nxb6 axb6 11. Bd3 Ne7 12. O-O Bc6 13. b4 Ba4 14. Qe2 Nd5 15.
Nd2 Be7 16. Nc4 b5 17. Nb2 c6 18. Nxa4 Rxa4 19. Bc2 Ra7 20. Qd3 Qa8 21. Bd2 Bxb4
22. Bxb4 Nxb4 23. Qd2 Nxc2 24. Qxc2 Rxa3 25. Rxa3 Qxa3 26. Rc1 O-O 27. g3 Ra8
28. Kg2 Qe7 29. Qb3 Ra4 30. Rd1 Qb4 31. Qd3 Ra3 32. Qe4 Qb3 33. Rd2 Qc3 34. Rd1
Ra1 35. Rd3 Qc1 36. Qh4 Qf1+ {White resigns} 0-1

[Event "Team 45 45 League T80"]
[Site "Internet Chess Club"]
[Date "2019.04.06"]
[Round "2"]
[White "dabodhi"]
[Black "kingsrook"]
[Result "0-1"]
[WhiteElo "1279"]
[BlackElo "1178"]
[Opening "Sicilian: Taimanov, American attack"]
[ECO "B41"]
[Time "21:00:23"]
[TimeControl "2700+45"]

1. e4 c5 2. Nf3 e6 3. d4 cxd4 4. Nxd4 Nf6 5. Nc3 Nc6 6. Ndb5 Bb4 7. Nd6+ Ke7 8.
Nc4 Nxe4 9. Bd2 Nxd2 10. Qxd2 Re8 11. a3 d5 12. axb4 dxc4 13. Qg5+ Kf8 14. Qc5+
Kg8 15. Rd1 Qb6 16. Qxc4 Qxb4 17. Bd3 Qxc4 18. Bxc4 b6 19. Bb5 Bb7 20. Ne4 Red8
21. Nd6 a6 22. Nxb7 Rxd1+ 23. Kxd1 axb5 24. c3 Ra1+ {White resigns} 0-1